 Dungeon Crawl Stone Soup version 0.30-a0-23-ge60ba3568b (webtiles) character file.

Game seed: 6768002945900486077

6239 fozzywoppz the Cleaver (level 10, -9/88 HPs)
             Began as a Minotaur Fighter on Aug 25, 2022.
             Was a Believer of Okawaru.
             Killed from afar by an acid dragon (30 damage)
             ... with a splash of acid
             ... on level 10 of the Dungeon.
             The game lasted 00:19:02 (11576 turns).

fozzywoppz the Cleaver (Minotaur Fighter)          Turns: 11576, Time: 00:19:03

Health: -9/88      AC: 17    Str: 23    XL:     10   Next: 62%
Magic:  18/19      EV:  9    Int:  7    God:    Okawaru [**....]
Gold:   467        SH: 12    Dex: 10    Spells: 9/9 levels left

rFire   . . .      SeeInvis .    a - +1 war axe
rCold   . . .      Faith    .    u - +0 kite shield
rNeg    . . .      Spirit   .    A - +0 chain mail
rPois   +          Reflect  .    (helmet restricted)
rElec   .          Harm     .    M - +2 cloak {rPois}
rCorr   .          Rampage  .    n - +0 pair of gloves
Will    .....                    F - +1 pair of boots
Stlth   ..........               (no amulet)
HPRegen 0.24/turn                I - ring of magical power
MPRegen 0.16/turn                (no ring)

@: mighty, heroic, corroded
A: horns 2, retaliatory headbutt
a: Renounce Religion, Heroism


You were on level 10 of the Dungeon.
You worshipped Okawaru.
Okawaru was pleased with you.
You visited 3 branches of the dungeon, and saw 12 of its levels.

You collected 467 gold pieces.

Inventory:

Hand Weapons
 a - a +1 war axe (weapon)
Missiles
 h - 2 atropa-tipped darts
 p - 3 boomerangs (quivered)
 K - 4 poisoned darts
Armour
 n - a +0 pair of gloves (worn)
 r - a +2 leather armour of fire resistance
 u - a +0 kite shield (worn)
 A - a +0 chain mail (worn)
 F - a +1 pair of boots (worn)
 M - a +2 cloak of poison resistance (worn)
Jewellery
 c - a ring of ice
 I - a ring of magical power (left hand)
Wands
 f - a wand of digging (4)
 s - a wand of paralysis (20)
 x - a wand of iceblast (6)
 D - a wand of flame (16)
Scrolls
 b - a scroll of identify
 e - 3 scrolls of immolation
 g - 6 scrolls of amnesia
 j - 3 scrolls of noise
 m - a scroll of torment {unknown}
 o - a scroll of enchant armour {unknown}
 y - 2 scrolls of summoning {unknown}
 C - 2 scrolls of blinking
 G - a scroll of brand weapon {unknown}
 J - a scroll of teleportation {unknown}
 N - a scroll of butterflies
Potions
 i - a potion of mutation
 k - 2 potions of degeneration
 l - a potion of attraction
 q - 2 potions of brilliance {unknown}
 t - 3 potions of flight
 v - a potion of ambrosia {unknown}
 w - 2 potions of lignification
 z - a potion of berserk rage
 B - a potion of resistance
 E - a potion of curing
 H - 3 potions of cancellation {unknown}
 L - a potion of magic


   Skills:
 - Level 8.0(13.0) Fighting
 + Level 12.6(17.6) Axes
 - Level 10.0(15.0) Armour
 + Level 9.4(14.4) Shields
 + Level 1.9 Invocations


You had 9 spell levels left.
You didn't know any spells.
Your spell library contained the following spells:

 Spells                   Type           Power      Damage    Failure   Level
 Leda's Liquefaction      Hex/Erth       0%         N/A       100%        4
 Lee's Rapid Deconstruct  Erth           0%         3d5*      100%        5
 Statue Form              Tmut/Erth      0%         N/A       100%        6


Dungeon Overview and Level Annotations

Branches:
Dungeon (10/15)            Temple (1/1) D:7            Lair (1/5) D:8
    Orc: D:9-12

Altars:
Ashenzari
Cheibriados
Elyvilon
Fedhas
Gozag
Kikubaaqudgha
Makhleb
Nemelex Xobeh
Okawaru
Qazlal
Ru
Sif Muna
Trog
Uskayaw
Vehumet
Wu Jian
Xom
Yredelemnul
Zin
The Shining One

Annotations:
D:8 exclusion: statue


Innate Abilities, Weirdness & Mutations

You have a pair of horns on your head.
You reflexively headbutt those who attack you in melee.


Message History

You hit the acid dragon. You slash the deep elf pyromancer!
Your headbutt misses the deep elf pyromancer.
The deep elf pyromancer is lightly wounded.
You slash the acid dragon!
The acid dragon bites you but does no damage.
The acid dragon claws you but does no damage.
The deep elf pyromancer casts a spell at you.
The sticky flame hits you.
You are covered in liquid flames!
You miss the deep elf pyromancer.
Your headbutt misses the deep elf pyromancer.
The deep elf pyromancer is lightly wounded.
You barely miss the acid dragon.
You are covered in liquid flames!
You block the acid dragon's attack.
The acid dragon claws you but does no damage.
The deep elf pyromancer gestures at you while chanting.
The bolt of fire hits you!!
You slash the deep elf pyromancer! You headbutt the deep elf pyromancer!
The deep elf pyromancer is almost dead.
You closely miss the acid dragon.
You are covered in liquid flames!
* * * LOW HITPOINT WARNING * * *
You block the acid dragon's attack.
The acid dragon claws you but does no damage.
The deep elf pyromancer hits you but does no damage.
You miss the deep elf pyromancer.
Your headbutt misses the deep elf pyromancer.
The deep elf pyromancer is almost dead.
You slash the acid dragon!
You are covered in liquid flames!
* * * LOW HITPOINT WARNING * * *
You are no longer on fire.
You hit the deep elf pyromancer.
The deep elf pyromancer is almost dead.
You hit the acid dragon. The acid dragon spits acid at you.
The splash of acid hits you!!
You die...

........................
.............. .........
............#######.....
............#.....#.....
.ยง..........#.....#.....
#..#####.....#.....
#..#.........#.....
#.D#.........#.....
#e@+.........#.....
######..#.....###'#.....
........##....+.........
.........#....#.........
.........'....#.........
.##+##...#....#.........
#...#....#.........
#...#....#.........
#...+....#..###+#..


You could see a deep elf pyromancer and an acid dragon (catching breath).

Vanquished Creatures
  A two-headed ogre (D:10)
  Pikel (D:4)
  Maurice (D:8)
  A hornet (D:8)
  Sigmund (D:2)
  A wyvern (D:8)
  Eustachio (D:4)
  2 steam dragons
  Edmund (D:4)
  2 water moccasins
  3 black bears
  2 orc warriors
  2 ice beasts
  2 ogres
  2 lemures (D:4)
  2 centaurs
  2 phantoms (D:5)
  A kobold brigand (D:10)
  Blork the orc (D:6)
  5 bullfrogs
  2 gnoll sergeants
  A necrophage (D:5)
  2 scorpions (D:6)
  9 wights
  A howler monkey (D:4)
  5 hounds
  An orc priest (D:6)
  3 gnoll boudas
  A jelly (D:5)
  Jessica (D:2)
  3 iguanas
  Natasha (thrice) (D:4)
  7 orc wizards
  34 gnolls
  7 adders
  2 river rats (D:3)
  2 shadow imps (D:7)
  3 white imps
  An ufetubus (D:5)
  2 worms (D:2)
  A dart slug (D:3)
  59 orcs
  7 endoplasms
  5 giant cockroaches
  6 hobgoblins
  12 jackals (D:4)
  6 quokkas
  4 ball pythons
  6 bats
  4 frilled lizards
  10 goblins
  19 kobolds
  2 rats
265 creatures vanquished.

Vanquished Creatures (others)
  11 fungi (D:8)
  20 plants
31 creatures vanquished.

Grand Total: 296 creatures vanquished

Notes
Turn   | Place    | Note
-------+----------+-------------------------------------------
     0 | D:1      | fozzywoppz the Minotaur Fighter began the quest for the
                  | Orb.
     0 | D:1      | Reached XP level 1. HP: 19/19 MP: 0/0
   224 | D:1      | Reached XP level 2. HP: 22/27 MP: 1/1
   803 | D:1      | Reached skill level 3 in Axes
   803 | D:1      | Reached XP level 3. HP: 23/33 MP: 2/2
  1336 | D:2      | Reached XP level 4. HP: 37/41 MP: 3/3
  1554 | D:2      | Found a faded altar of an unknown god.
  1646 | D:2      | Noticed Jessica
  1649 | D:2      | Killed Jessica
  1650 | D:2      | Reached skill level 4 in Axes
  1650 | D:2      | Reached XP level 5. HP: 47/47 MP: 4/4
  1728 | D:2      | Noticed Sigmund
  1748 | D:2      | Killed Sigmund
  1749 | D:2      | Reached skill level 5 in Fighting
  1749 | D:2      | Reached skill level 6 in Axes
  1749 | D:2      | Reached skill level 5 in Shields
  1749 | D:2      | Reached XP level 6. HP: 24/56 MP: 5/5
  2706 | D:3      | Reached skill level 7 in Axes
  2844 | D:3      | Found a basalt altar of Yredelemnul.
  3159 | D:3      | Found a sacrificial altar of Ru.
  3544 | D:4      | Reached XP level 7. HP: 51/61 MP: 6/6
  3628 | D:4      | Noticed Eustachio
  3637 | D:4      | Killed Eustachio
  3638 | D:4      | Reached skill level 5 in Armour
  3646 | D:4      | Noticed Edmund
  3683 | D:4      | Reached skill level 8 in Axes
  3768 | D:4      | Killed Edmund
  3990 | D:4      | Reached XP level 8. HP: 36/68 MP: 7/7
  4192 | D:4      | Noticed Pikel
  4221 | D:4      | Killed Pikel
  4222 | D:4      | Reached skill level 9 in Axes
  4484 | D:4      | Noticed Natasha
  4489 | D:4      | Killed Natasha
  4490 | D:4      | Reached skill level 10 in Axes
  4552 | D:4      | Noticed Natasha
  4558 | D:4      | Killed Natasha
  4857 | D:4      | Noticed Natasha
  4867 | D:4      | Killed Natasha
  5642 | D:5      | Entered Level 5 of the Dungeon
  5655 | D:5      | Reached XP level 9. HP: 64/74 MP: 8/8
  7705 | D:6      | Reached skill level 11 in Axes
  8306 | D:6      | Noticed Blork the orc
  8319 | D:6      | Killed Blork the orc
  8766 | D:7      | Found a staircase to the Ecumenical Temple.
  9053 | Temple   | Entered the Ecumenical Temple
  9154 | Temple   | Became a worshipper of Warmaster Okawaru
  9617 | D:8      | Found a radiant altar of Vehumet.
  9850 | D:8      | Reached XP level 10. HP: 46/86 MP: 9/9
  9903 | D:8      | Reached skill level 10 in Armour
  9924 | D:8      | Reached * piety under Okawaru
  9925 | D:8      | Found a staircase to the Lair.
  9937 | Lair:1   | Entered Level 1 of the Lair of Beasts
  9937 | Lair:1   | Noticed a black mamba
 10582 | D:8      | Noticed Maurice
 10593 | D:8      | Killed Maurice
 10594 | D:8      | Reached skill level 12 in Axes
 11447 | D:9      | You fall into a shaft and drop 1 floor!
 11447 | D:10     | Entered Level 10 of the Dungeon
 11450 | D:10     | Noticed a two-headed ogre
 11458 | D:10     | Killed a two-headed ogre
 11459 | D:10     | Reached skill level 1 in Invocations
 11495 | D:10     | Reached ** piety under Okawaru
 11564 | D:10     | Noticed a deep elf pyromancer
 11576 | D:10     | Killed from afar by an acid dragon

Illustrated notes

Levels and vault maps discovered:
D:1:      grunt_arrival_lava_bath, layout_basic
D:2:      layout_rooms, ebering_ecumenical_altar_ruins, uniq_jessica,
          uniq_sigmund
D:3:      layout_loops_corners, nicolae_ru_the_path_less_chosen,
          lemuel_round_altar, portal_sewer_entry_b
D:4:      lemuel_castle_with_subvaults [lemuel_castle_interior_original],
          layout_loops_ring, serial_bayou_pond_e, kennysheep_generic_room_6,
          uniq_natasha, uniq_eustachio, uniq_pikel, uniq_edmund
D:5:      layout_cave_pods, lightli_minifort
D:6:      layout_basic, corexii_shack, hangedman_glass_garden,
          uniq_blork_the_orc
D:7:      layout_rooms, minmay_temple_entry_stoned_glass, serial_curves,
          eino_curves_02, eino_curves_03
D:8:      layout_basic, vehumet_statue, grunt_lair_entry_orc_guard_hut,
          uniq_maurice
D:9:      layout_stronghold, nicolae_hepliaklqana_hippocampus,
          nicolae_dithmenos_the_darkroom, nicolae_hexahallways
D:10:     minmay_bloctagon_deflated, layout_irregular_city, orc_0_dummy
Temple:   minmay_temple_bridge_d
Lair:1:   layout_cave_pods, ebering_ghost_funeral_grove, lemuel_old_faithful,
          serial_bayou_shore_a, grunt_megastairs_4, uniq_joseph

Skill      XL: |  1  2  3  4  5  6  7  8  9 10 |
---------------+-------------------------------+-----
Fighting       | 4 5 7 8 |  8.0
Shields        | 4 5 7 9 |  9.4
Axes           | 3 4 6 7 8 10 11 12 | 12.6
Armour         | 4 6 8 9 10 | 10.0
Invocations    | 1 |  1.9

Action                   |  1- 3 |  4- 6 |  7- 9 | 10-12 || total
-------------------------+-------+-------+-------+-------++-------
Melee: War axe           |    65 |   125 |   429 |    95 ||   714
       Headbutt          |     6 |    20 |    80 |    17 ||   123
Invok: Heroism           |       |       |       |     2 ||     2
Evoke: Wand              |       |       |     1 |       ||     1
  Use: Potion            |     1 |     3 |     3 |     2 ||     9
       Scroll            |       |     8 |     6 |       ||    14
 Stab: Paralysed         |       |       |     3 |       ||     3
Armor: Scale mail        |    34 |    48 |       |       ||    82
       Chain mail        |       |    12 |   122 |    37 ||   171
       Leather armour    |       |       |    42 |       ||    42
Dodge: Dodged            |    33 |    40 |   122 |    29 ||   224
Block: Buckler           |    17 |    19 |    33 |       ||    69
       Kite shield       |       |       |   142 |    34 ||   176

Table legend: (Time is in decaauts)
 A = Elapsed time spent in this place.
 B = Non-inter-level travel time spent in this place.
 C = Inter-level travel time spent in this place.
 D = Time resting spent in this place.
 E = Time spent auto-exploring this place.
 F = Levels seen in this place.
 G = Mean time per level.
                   A        B        C        D        E       F      G
               +--------+--------+--------+--------+--------+-----+--------+
         Total |  11708 |  11460 |    248 |   1418 |   7910 |  12 |  975.7 |
       Dungeon |  11470 |  11230 |    240 |   1418 |   7735 |  10 | 1147.0 |
        Temple |    235 |    227 |      8 |      0 |    175 |   1 |  235.0 |
          Lair |      1 |      1 |      0 |      0 |      0 |   1 |    1.0 |
               +--------+--------+--------+--------+--------+-----+--------+

Top non-repeatable levels by time:
     D:4: 2847 daAuts
     D:8: 1634 daAuts
     D:5: 1369 daAuts
     D:3: 1358 daAuts
     D:1: 1070 daAuts
     D:2: 1052 daAuts
     D:6: 1023 daAuts
     D:7: 746 daAuts
     D:9: 241 daAuts
  Temple: 235 daAuts
    D:10: 126 daAuts
  Lair:1: 1 daAuts
